[Event "Team 45 45 League T98"]
[Site "Internet Chess Club"]
[Date "2023.11.22"]
[Round "2"]
[White "Portola"]
[Black "Fischeresque930"]
[Result "0-1"]
[WhiteElo "1729"]
[BlackElo "2041"]
[Opening "Queen's pawn game, Darooha variation "]
[ECO "D02"]
[Time "17:15:13"]
[PlyCount "78"]
[TimeControl "2700+45"]

1. d4 d5 2. Nf3 Nf6 3. c3 Bf5 4. Bg5 Nbd7 5. Nbd2 c6 6. e3 h6 7. Bh4 Qb6 8. Qb3
e6 9. Be2 Be7 10. O-O O-O 11. Rfe1 Rfe8 12. Bg3 Nh5 13. Be5 Nxe5 14. dxe5 g5 15.
Nxg5 hxg5 16. Bxh5 Kg7 17. g4 Bh7 18. Qxb6 axb6 19. Kg2 b5 20. f4 b4 21. Rf1
bxc3 22. bxc3 Bd3 23. Rf2 Rf8 24. Nb3 c5 25. f5 f6 26. fxe6 fxe5 27. Bf7 b5 28.
Rd1 c4 29. Nc1 Be4+ 30. Kg3 Ra3 31. Rb2 Rxc3 32. Re1 Ba3 33. Rxb5 Bxc1 34. Kf2
Ba3 35. Kg1 Rc2 36. Rb7 Rg2+ 37. Kf1 Kf6 38. Re2 Rxe2 39. Kxe2 c3 {White
resigns} 0-1

[Event "Team 45 45 League T98"]
[Site "Internet Chess Club"]
[Date "2023.11.24"]
[Round "2"]
[White "burlap"]
[Black "Signofthetimes"]
[Result "0-1"]
[WhiteElo "1334"]
[BlackElo "1561"]
[Opening "Queen's pawn"]
[ECO "A40"]
[Time "09:00:34"]
[PlyCount "124"]
[TimeControl "2700+45"]

1. d4 c6 2. Bf4 d5 3. e3 Nf6 4. Bd3 Bg4 5. Nf3 e6 6. h3 Bh5 7. Nbd2 Bd6 8. Bxd6
Qxd6 9. c3 Nbd7 10. g4 Bg6 11. Qc2 Bxd3 12. Qxd3 c5 13. O-O h6 14. e4 dxe4 15.
Nxe4 Nxe4 16. Qxe4 Qd5 17. Qxd5 exd5 18. Rfe1+ Kf8 19. Ne5 Nxe5 20. Rxe5 cxd4
21. cxd4 Rd8 22. Rc1 f6 23. Rxd5 Rxd5 24. Rc8+ Kf7 25. Rxh8 Rxd4 26. Rb8 Rb4 27.
b3 g6 28. Ra8 a6 29. Ra7 f5 30. gxf5 gxf5 31. Kg2 Ke6 32. Ra8 Kf6 33. Rh8 Kg7
34. Rc8 h5 35. Rc4 Rb5 36. Rf4 Kf6 37. Kg3 Kg5 38. f3 a5 39. Ra4 b6 40. f4+ Kg6
41. Rd4 Rb4 42. Rd6+ Kg7 43. Kh4 Rxf4+ 44. Kxh5 Rb4 45. Kg5 f4 46. Rd7+ Kf8 47.
h4 f3 48. Rd3 Rb5+ 49. Kg4 Rb4+ 50. Kxf3 Rxh4 51. Rd6 Rb4 52. Ke3 Ke7 53. Rd4
Rxd4 54. Kxd4 Kd6 55. Kc4 Kc6 56. b4 b5+ 57. Kb3 a4+ 58. Kc3 Kd5 59. a3 Ke4 60.
Kb2 Kd3 61. Ka2 Kc2 62. Ka1 Kb3 {White resigns} 0-1

[Event "Team 45 45 League T98"]
[Site "Internet Chess Club"]
[Date "2023.11.25"]
[Round "2"]
[White "Pawnchain"]
[Black "mongmong"]
[Result "1-0"]
[WhiteElo "1374"]
[BlackElo "1485"]
[Opening "Queen's pawn"]
[ECO "A40"]
[Time "07:02:18"]
[PlyCount "63"]
[TimeControl "2700+45"]

1. d4 e6 2. Bf4 Nf6 3. e3 d5 4. c3 Bd6 5. Bg3 c5 6. Nd2 O-O 7. Ngf3 Qc7 8. Bd3
Nbd7 9. Bh4 b6 10. h3 h6 11. Bxf6 Nxf6 12. dxc5 Bxc5 13. Nb3 Bd6 14. O-O Bb7 15.
Nfd4 a6 16. Rc1 Qd7 17. Bb1 a5 18. Re1 Rac8 19. f4 Rc7 20. Nf3 Rfc8 21. Qd3 Ne4
22. Ne5 Qd8 23. Nd4 Bc5 24. Rcd1 Bxd4 25. Qxd4 f5 26. Bxe4 fxe4 27. Ng4 Rc4 28.
Qe5 R8c6 29. Nf2 Bc8 30. Rd4 Qc7 31. Rxc4 Rc5 32. Rxc5 {Black resigns} 1-0

[Event "Team 45 45 League T98"]
[Site "Internet Chess Club"]
[Date "2023.11.26"]
[Round "2"]
[White "julesraider"]
[Black "Goli"]
[Result "0-1"]
[WhiteElo "1615"]
[BlackElo "1809"]
[Opening "Benoni defense, Hromodka system"]
[ECO "A56"]
[Time "15:01:30"]
[PlyCount "96"]
[TimeControl "2700+45"]

1. d4 Nf6 2. c4 c5 3. d5 d6 4. Nc3 g6 5. g3 Bg7 6. Bg2 O-O 7. h3 a6 8. Nf3 Nbd7
9. O-O Nb6 10. Nd2 e6 11. e4 exd5 12. exd5 Bf5 13. Kh2 Bd3 14. Re1 Bxc4 15. Nxc4
Nxc4 16. Qb3 Na5 17. Qd1 b5 18. Rb1 b4 19. Ne4 Nxe4 20. Bxe4 Nc4 21. Qb3 Nb6 22.
Bf4 Re8 23. a3 a5 24. a4 Qd7 25. Bf3 Rxe1 26. Rxe1 Nxa4 27. Bg4 f5 28. Bd1 Nb6
29. Bg5 Re8 30. Re6 Kf7 31. Qe3 Nxd5 32. Rxe8 Nxe3 33. Rxe3 h6 34. Bb3+ d5 35.
Bf4 c4 36. Bd1 d4 37. Re1 a4 38. Bd2 c3 39. bxc3 dxc3 40. Bf4 b3 41. Be2 Kg8 42.
Bc4+ Kh7 43. Be6 Qb7 44. Bc4 Qb4 45. Bf7 Qf8 46. Bc4 b2 47. Bd3 a3 48. Bb1 Qf7
{White resigns} 0-1

[Event "Team 45 45 League T98"]
[Site "Internet Chess Club"]
[Date "2023.11.26"]
[Round "2"]
[White "fhunfi"]
[Black "Sandrotov"]
[Result "1-0"]
[WhiteElo "1703"]
[BlackElo "1624"]
[Opening "Ruy Lopez: Caro variation"]
[ECO "C70"]
[Time "17:31:58"]
[PlyCount "100"]
[TimeControl "2700+45"]

1. e4 e5 2. Nf3 Nc6 3. Bb5 a6 4. Ba4 b5 5. Bb3 Nf6 6. d4 d6 7. c3 Be7 8. h3 Bb7
9. Nbd2 O-O 10. O-O Re8 11. Re1 Bf8 12. Bc2 Rc8 13. Nf1 Na5 14. Ng3 g6 15. b3 c5
16. d5 Bg7 17. Bg5 Qb6 18. Nh2 h6 19. Be3 Qc7 20. Ng4 Kh7 21. Qd2 Ng8 22. f3 Ba8
23. Kh2 Nb7 24. c4 Qe7 25. Rab1 h5 26. Nf2 Bh6 27. Bd3 b4 28. f4 exf4 29. Bxf4
Qh4 30. Bxh6 Nxh6 31. e5 dxe5 32. Nge4 Qe7 33. Bc2 Nf5 34. Ng5+ Kg7 35. Bxf5
gxf5 36. h4 Nd6 37. Qd1 Kg6 38. g3 Bb7 39. Nd3 f6 40. Nf4+ Kg7 41. Nge6+ Kg8 42.
Nxh5 Ne4 43. Qc1 Nf2 44. Kg1 Ng4 45. Rf1 Qf7 46. Rxf5 Rxe6 47. dxe6 Qxe6 48.
Nxf6+ Kf7 49. Nxg4+ Qxf5 50. Nh6+ Ke6 {Black resigns} 1-0

[Event "Team 45 45 League T98"]
[Site "Internet Chess Club"]
[Date "2023.11.27"]
[Round "2"]
[White "vollmerj"]
[Black "WillC"]
[Result "1/2-1/2"]
[WhiteElo "1547"]
[BlackElo "1568"]
[Opening "Réti: King's Indian attack (Barcza system)"]
[ECO "A07"]
[Time "06:51:32"]
[PlyCount "175"]
[TimeControl "2700+45"]

1. Nf3 d5 2. g3 Nf6 3. Bg2 Bf5 4. d4 e6 5. O-O Bd6 6. c4 O-O 7. cxd5 exd5 8. Nc3
c6 9. Bg5 Nbd7 10. Re1 Re8 11. Nh4 Be6 12. e4 dxe4 13. Nxe4 Be7 14. Bxf6 Nxf6
15. Nf3 Nd5 16. Ne5 Qb6 17. Nc4 Qc7 18. Nc5 Bf5 19. Ne3 Nxe3 20. Rxe3 Rad8 21.
Qa4 Bxc5 22. Rxe8+ Rxe8 23. dxc5 Qe5 24. Qb4 Bc8 25. a3 a5 26. Qxa5 Qxb2 27. Rd1
Qf6 28. Qc7 g6 29. Qd6 Qc3 30. a4 Be6 31. Qc7 Bb3 32. Rd8 Qa1+ 33. Bf1 Rxd8 34.
Qxd8+ Kg7 35. Qd3 Bxa4 36. Qf3 Bb5 37. Qg2 Qc1 38. h4 Bxf1 39. Qxf1 Qxc5 40.
Qa1+ f6 41. Qd1 Qd5 42. Qe2 Kf7 43. Qe3 c5 44. Qh6 Kg8 45. Qf4 Qe5 46. Qc4+ Kg7
47. Qb5 Qe1+ 48. Kg2 Qe4+ 49. Kg1 Qc6 50. Qe2 Qc7 51. h5 c4 52. hxg6 hxg6 53. g4
c3 54. Qc2 Qc5 55. Kg2 b5 56. f4 Qd5+ 57. Kg3 b4 58. Qe2 Kf7 59. Qe3 c2 60. Qa7+
Kg8 61. Qb8+ Kg7 62. Qc7+ Qf7 63. Qxc2 b3 64. Qb2 Qc4 65. g5 Qd3+ 66. Kh4 Qd6
67. Kg3 Qb6 68. gxf6+ Kf7 69. Kg4 Qg1+ 70. Kf3 Qd1+ 71. Kg3 Qc2 72. Qe5 Qd3+ 73.
Kh4 Qd7 74. Qb2 Qe6 75. Kg3 Qe3+ 76. Kg4 Qd3 77. Kh4 Qf3 78. Qe5 Qh1+ 79. Kg3
Qg1+ 80. Kh3 Qf1+ 81. Kg3 Qd3+ 82. Kf2 Qd7 83. Qb2 Qe6 84. Kg3 Qc4 85. Qe5 Qd3+
86. Kh4 Qd7 87. Qb2 Qe6 88. Kg3 {Game drawn by repetition} 1/2-1/2

[Event "Team 45 45 League T98"]
[Site "Internet Chess Club"]
[Date "2023.11.24"]
[Round "2"]
[White "ChessMaine"]
[Black "Gilguli"]
[Result "1/2-1/2"]
[WhiteElo "1447"]
[BlackElo "1470"]
[Opening "Old Benoni defense"]
[ECO "A43"]
[Time "05:06:01"]
[PlyCount "154"]
[TimeControl "2700+45"]

1. d4 c5 2. e3 g6 3. c3 Bg7 4. Bd3 b6 5. Nf3 d6 6. O-O e6 7. Nbd2 Ne7 8. Re1 O-O
9. e4 Nd7 10. Qc2 h6 11. b3 g5 12. Bb2 Ng6 13. Nc4 Qc7 14. Re3 b5 15. Ncd2 Kh8
16. Bxb5 cxd4 17. Ree1 g4 18. Nxd4 Bxd4 19. Bxd7 Bxd7 20. Qd1 Bxc3 21. Rc1 Ne5
22. Bxc3 Qb6 23. Bxe5+ dxe5 24. Nc4 Qd4 25. Nxe5 Qxe5 26. Qxd7 Qf4 27. Red1 Qxe4
28. Qd4+ Qxd4 29. Rxd4 f5 30. Kf1 Kg7 31. Ke2 Kf6 32. Rd7 f4 33. Rc4 e5 34. Rc6+
Kg5 35. Rg7+ Kf5 36. Rxh6 Rfd8 37. Rh5+ Ke4 38. Rxg4 Rac8 39. f3+ Kd4 40. g3
Rc2+ 41. Kf1 Rdc8 42. gxf4 Rc1+ 43. Kg2 R8c2+ 44. Kh3 Ke3 45. Rxe5+ Kxf3 46.
Rg3+ Kxf4 47. Reg5 Rc3 48. Rg4+ Kf5 49. Rg5+ Kf4 50. Rg4+ Kf5 51. Rxc3 Rxc3+ 52.
Rg3 Rc2 53. Rg2 Rc3+ 54. Rg3 Rc2 55. Rf3+ Ke4 56. Kg3 Rxa2 57. h4 Ra6 58. Rf7
Rg6+ 59. Kf2 a6 60. Ra7 Kd5 61. Ke3 Rc6 62. Kd3 Kc5 63. Ke4 Rh6 64. Kd3 Kb6 65.
Ra8 Rxh4 66. Kc3 Ka5 67. Rb8 Rh5 68. Kb2 Rb5 69. Rh8 Rg5 70. Rb8 Rb5 71. Rh8 Kb4
72. Rh4+ Kc5 73. Rh5+ Kd4 74. Rh4+ Kc5 75. Rh5+ Kd4 76. Rh4+ Kc5 77. Rh5+ Kd4
{Game drawn by repetition} 1/2-1/2

[Event "Team 45 45 League T98"]
[Site "Internet Chess Club"]
[Date "2023.11.24"]
[Round "2"]
[White "fishhead"]
[Black "Packerfan"]
[Result "1/2-1/2"]
[WhiteElo "1716"]
[BlackElo "1684"]
[Opening "Ruy Lopez: Schliemann defense, Berger variation"]
[ECO "C63"]
[Time "15:00:25"]
[PlyCount "115"]
[TimeControl "2700+45"]

1. e4 e5 2. Nf3 Nc6 3. Bb5 f5 4. Nc3 fxe4 5. Nxe4 Nf6 6. Qe2 d5 7. Nxf6+ gxf6 8.
d3 Bg7 9. c3 O-O 10. Nh4 f5 11. Qh5 e4 12. Bg5 Bf6 13. f4 Be6 14. Bxf6 Qxf6 15.
g3 a6 16. Ba4 d4 17. Qg5+ Qxg5 18. fxg5 dxc3 19. Bxc6 cxb2 20. Rb1 bxc6 21. Rxb2
Rab8 22. Rxb8 Rxb8 23. Kd2 Rb2+ 24. Ke3 Rxa2 25. dxe4 fxe4 26. Kf4 Bd5 27. Nf5
Rf2+ 28. Ke5 e3 29. Re1 e2 30. Nh6+ Kg7 31. Ng4 Rg2 32. Kf4 a5 33. h4 a4 34. Nf6
a3 35. h5 a2 36. Nxd5 cxd5 37. Kf3 Rh2 38. g4 Rh3+ 39. Kxe2 d4 40. Kd2 Ra3 41.
Ra1 c5 42. Kc2 c4 43. Kb2 Ra5 44. Rxa2 Rxg5 45. Ra7+ Kh8 46. Ra8+ Rg8 47. Ra4
c3+ 48. Kc2 Rxg4 49. Kd3 Kg7 50. Ra6 Rh4 51. Rc6 Rxh5 52. Kxd4 Rh3 53. Rxc3 Rh1
54. Ke4 Rf1 55. Rf3 Re1+ 56. Kf4 Kg6 57. Kg3 Re2 58. Ra3 {Game drawn by mutual
agreement} 1/2-1/2

[Event "Team 45 45 League T98"]
[Site "Internet Chess Club"]
[Date "2023.11.24"]
[Round "2"]
[White "justice02"]
[Black "QuieroAprender"]
[Result "0-1"]
[WhiteElo "1593"]
[BlackElo "1615"]
[Opening "Ruy Lopez: 5.O-O"]
[ECO "C78"]
[Time "11:47:12"]
[PlyCount "150"]
[TimeControl "2700+45"]

1. e4 e5 2. Nf3 Nc6 3. Bb5 a6 4. Ba4 Nf6 5. O-O b5 6. Bb3 Bc5 7. Nxe5 Nxe5 8. d4
Bd6 9. h3 Bb7 10. f3 O-O 11. dxe5 Bxe5 12. c3 c5 13. Bg5 h6 14. Be3 c4 15. Bc2
d5 16. f4 Bc7 17. e5 Ne4 18. Bd4 Bb6 19. a3 f5 20. exf6 Qxf6 21. Kh2 Bxd4 22.
Qxd4 Qxd4 23. cxd4 Rae8 24. Rf3 Nd6 25. Nc3 Nf5 26. Rd1 Nd6 27. Bg6 Re7 28. Rdf1
Nf5 29. Bxf5 Rxf5 30. g4 Rf8 31. f5 Rfe8 32. Kg3 Re1 33. Kh4 Rxf1 34. Rxf1 Kf7
35. Rf2 Re1 36. Ne2 a5 37. Nf4 Re4 38. Ne6 Bc8 39. Nc7 Bd7 40. Rd2 Bc6 41. Ne6
Kf6 42. Nd8 Be8 43. Nb7 b4 44. axb4 axb4 45. Nd6 Re3 46. Nc8 c3 47. bxc3 bxc3
48. Rf2 Bd7 49. Nb6 Bc6 50. Rc2 h5 51. Rc1 g5+ 52. fxg6 Kxg6 53. Rc2 hxg4 54.
hxg4 Rd3 55. Rc1 Kf6 56. Rf1+ Kg6 57. Rc1 Kf6 58. Rf1+ Ke7 59. Kh5 Kd8 60. Rc1
Kc7 61. Nxd5+ Bxd5 62. g5 Bb3 63. g6 Kd6 64. g7 Bg8 65. Kg5 Kd5 66. Kf6 Kxd4 67.
Ke7 Rf3 68. Rd1+ Rd3 69. Rc1 Ke3 70. Kf8 Rd8+ 71. Ke7 Rd3 72. Kf8 Bd5 73. Re1+
Kd2 74. Re5 Rf3+ 75. Ke8 Re3 {White resigns} 0-1

[Event "Team 45 45 League T98"]
[Site "Internet Chess Club"]
[Date "2023.11.27"]
[Round "2"]
[White "jfkingiii"]
[Black "cayo89"]
[Result "1-0"]
[WhiteElo "1510"]
[BlackElo "1527"]
[Opening "Pirc defense"]
[ECO "B07"]
[Time "18:57:20"]
[PlyCount "35"]
[TimeControl "2700+45"]

1. e4 d6 2. d4 Nf6 3. Nc3 Nbd7 4. f4 e5 5. Nf3 exd4 6. Qxd4 c6 7. Be3 Qc7 8.
O-O-O Be7 9. Kb1 b5 10. e5 dxe5 11. fxe5 Bc5 12. Qd3 Bxe3 13. exf6 Bc5 14. Qe4+
Kf8 15. Bxb5 Nxf6 16. Qxc6 Qxc6 17. Bxc6 Rb8 18. Rd8+ {Black resigns} 1-0

[Event "Team 45 45 League T98"]
[Site "Internet Chess Club"]
[Date "2023.11.26"]
[Round "2"]
[White "RD1974"]
[Black "Andressa"]
[Result "1-0"]
[WhiteElo "1611"]
[BlackElo "1289"]
[Opening "Catalan: closed, 5.Nf3"]
[ECO "E06"]
[Time "19:04:09"]
[PlyCount "89"]
[TimeControl "2700+45"]

1. d4 d5 2. c4 e6 3. Nf3 Nf6 4. g3 Be7 5. Bg2 O-O 6. O-O c5 7. e3 Nc6 8. Qc2 h6
9. Nc3 a6 10. a3 Rb8 11. Na4 Qa5 12. Bd2 Qc7 13. Nxc5 Bxc5 14. dxc5 Ne4 15. cxd5
exd5 16. b4 Be6 17. Bc1 Rfd8 18. Bb2 Rbc8 19. Rfd1 Na7 20. Nd4 Nf6 21. Nf5 Qd7
22. Nd6 Rc7 23. Nc4 Bf5 24. Qc3 Nb5 25. Qc1 Qe6 26. Ne5 b6 27. a4 Na7 28. Nd3
Bxd3 29. Rxd3 bxc5 30. bxc5 Nc6 31. Qc3 a5 32. Rad1 Nb4 33. Rd4 Rcd7 34. Ba3 Nc6
35. Rf4 Ne4 36. Bxe4 dxe4 37. Rd6 Qh3 38. Rxe4 Rxd6 39. cxd6 Qf5 40. Qxc6 Rc8
41. Re8+ Rxe8 42. Qxe8+ Kh7 43. e4 Qf3 44. d7 Qd1+ 45. Kg2 {Black resigns} 1-0

[Event "Team 45 45 League T98"]
[Site "Internet Chess Club"]
[Date "2023.11.25"]
[Round "2"]
[White "primerpaso"]
[Black "Alec-hine"]
[Result "0-1"]
[WhiteElo "1803"]
[BlackElo "1989"]
[Opening "English opening"]
[ECO "A13"]
[Time "13:12:52"]
[PlyCount "102"]
[TimeControl "2700+45"]

1. c4 e6 2. Nc3 d5 3. cxd5 exd5 4. d4 a6 5. g3 Nf6 6. Bg2 c6 7. Nf3 Bd6 8. O-O
O-O 9. a3 Bf5 10. b4 Nbd7 11. Bb2 h6 12. Na4 Re8 13. Nc5 Qc7 14. e3 a5 15. Qb3
Reb8 16. Rfc1 Nb6 17. Ne5 Bxe5 18. dxe5 Ng4 19. Qc3 Nc4 20. e4 Nxb2 21. Qxb2
dxe4 22. bxa5 Qxe5 23. Qxe5 Nxe5 24. Nxe4 Bxe4 25. Bxe4 Rxa5 26. f4 Nd7 27. Rd1
Nc5 28. Bf3 Rba8 29. Rac1 Rxa3 30. Bxc6 bxc6 31. Rxc5 Ra1 32. Rxa1 Rxa1+ 33. Kf2
Ra6 34. Ke3 Kf8 35. Re5 f6 36. Re6 Kf7 37. f5 g6 38. Rd6 gxf5 39. Kf4 Kg6 40. h4
h5 41. Kf3 Ra3+ 42. Kf4 Ra4+ 43. Kf3 Rc4 44. Re6 c5 45. Rc6 Rc1 46. Ke2 Rc3 47.
Kf2 c4 48. Rc5 Rc1 49. Rc7 c3 50. Rc5 Kf7 51. Rxf5 c2 {White resigns} 0-1

[Event "Team 45 45 League T98"]
[Site "Internet Chess Club"]
[Date "2023.11.28"]
[Round "2"]
[White "timcent"]
[Black "Portola"]
[Result "1/2-1/2"]
[WhiteElo "1924"]
[BlackElo "1737"]
[Opening "QGD: exchange, positional line"]
[ECO "D35"]
[Time "19:00:21"]
[PlyCount "128"]
[TimeControl "2700+45"]

1. d4 d5 2. c4 e6 3. Nc3 Nf6 4. cxd5 exd5 5. Bg5 Be7 6. e3 c6 7. Bd3 Bg4 8. Nge2
Nbd7 9. O-O O-O 10. Qc2 Re8 11. f3 Bh5 12. Nf4 Bg6 13. Nxg6 hxg6 14. e4 dxe4 15.
fxe4 Qb6 16. Ne2 Ne5 17. Kh1 Nxd3 18. Qxd3 Rad8 19. Qf3 Rf8 20. Rad1 Rde8 21.
Nc3 Qa5 22. e5 Nd5 23. Nxd5 Bxg5 24. Nc3 Bd8 25. a3 Qa6 26. Ne4 Be7 27. Qg4 Qb5
28. Rf3 Qd5 29. Rh3 Qe6 30. Qxe6 fxe6 31. Rf3 Rf5 32. Ng3 Rf7 33. Kg1 Rd8 34.
Ne4 Rf5 35. Rfd3 Rff8 36. b4 b6 37. Rc1 Rf4 38. Nf2 Rfxd4 39. Rxd4 Rxd4 40. Rxc6
Kf7 41. Kf1 a5 42. Rxb6 axb4 43. axb4 Bxb4 44. Rb7+ Kf8 45. Rb8+ Kf7 46. Rb7+
Kg8 47. Ke2 Bc3 48. Rc7 Ba5 49. Re7 Rd5 50. Ng4 Rd2+ 51. Kf3 Rd3+ 52. Ke4 Ra3
53. g3 Ra4+ 54. Kf3 Ra3+ 55. Kg2 Ra2+ 56. Kh3 Bb6 57. Rxe6 Bg1 58. Rxg6 Kf7 59.
Rc6 Re2 60. Rd6 Bc5 61. Rd5 Bg1 62. Rd1 Bc5 63. Rd5 Bg1 64. Rd1 Bc5 {Game drawn
by mutual agreement} 1/2-1/2

[Event "Team 45 45 League T98"]
[Site "Internet Chess Club"]
[Date "2023.11.26"]
[Round "2"]
[White "julesraider"]
[Black "trombone"]
[Result "1/2-1/2"]
[WhiteElo "1622"]
[BlackElo "1763"]
[Opening "QGD: Tarrasch defense"]
[ECO "D32"]
[Time "17:00:59"]
[PlyCount "91"]
[TimeControl "2700+45"]

1. d4 d5 2. c4 e6 3. Nc3 c5 4. cxd5 exd5 5. Nf3 Nc6 6. e3 Nf6 7. Be2 a6 8. O-O
Bd6 9. dxc5 Bxc5 10. Na4 Ba7 11. b3 O-O 12. Ba3 Re8 13. Bc5 b6 14. Nd4 Ne5 15.
Ba3 Ne4 16. Rc1 Qf6 17. Nc3 Rd8 18. Bb2 Bb8 19. f3 Nc5 20. b4 Ne6 21. Na4 Nxd4
22. Bxd4 Qd6 23. f4 Nd7 24. Qb3 Ba7 25. Qc3 Qh6 26. Qc7 Re8 27. Bf3 Nf6 28. Nxb6
Bxb6 29. Qxb6 Be6 30. Rc7 Rab8 31. Qa5 Rb5 32. Qxa6 Rxb4 33. Bc5 Rbb8 34. Re7
Rec8 35. Bd4 Ne8 36. Be5 Ra8 37. Ra7 Rxa7 38. Qxa7 Nf6 39. a4 Ng4 40. Bxg4 Bxg4
41. a5 Qc6 42. Qb6 Qa8 43. a6 Rc6 44. Qb7 Rxa6 45. Qb8+ Qxb8 46. Bxb8 {Game
drawn by mutual agreement} 1/2-1/2

[Event "Team 45 45 League T98"]
[Site "Internet Chess Club"]
[Date "2023.11.27"]
[Round "2"]
[White "DaveTheRook"]
[Black "isolani"]
[Result "1/2-1/2"]
[WhiteElo "1438"]
[BlackElo "1498"]
[Opening "King's Indian: Sämisch, 6...Nc6"]
[ECO "E83"]
[Time "17:31:11"]
[PlyCount "39"]
[TimeControl "2700+45"]

1. d4 Nf6 2. c4 g6 3. Nc3 Bg7 4. e4 d6 5. f3 O-O 6. Be3 Nc6 7. Qd2 Nd7 8. Nh3 e5
9. d5 Nd4 10. Ng1 a5 11. Nge2 Nxe2 12. Bxe2 a4 13. O-O a3 14. b3 f5 15. Rab1 f4
16. Bf2 g5 17. Qe1 Nf6 18. Kh1 Qe8 19. Nb5 Qf7 20. c5 {Game drawn by mutual
agreement} 1/2-1/2

[Event "Team 45 45 League T98"]
[Site "Internet Chess Club"]
[Date "2023.11.26"]
[Round "2"]
[White "Otelo"]
[Black "iSeba"]
[Result "0-1"]
[WhiteElo "2010"]
[BlackElo "2027"]
[Opening "QGD semi-Slav: 6.Bd3"]
[ECO "D46"]
[Time "06:00:35"]
[PlyCount "40"]
[TimeControl "2700+45"]

1. d4 Nf6 2. c4 e6 3. Nf3 d5 4. Nc3 Nbd7 5. e3 c6 6. Bd3 a6 7. cxd5 exd5 8. O-O
Bd6 9. Bd2 O-O 10. Rc1 Re8 11. Qb3 Qe7 12. Rfe1 Ne4 13. Bb1 Ndf6 14. h3 Bf5 15.
Na4 h5 16. Nc5 g5 17. Qxb7 Bxc5 18. Qxc6 Bd7 19. Qxa8 Rxa8 20. dxc5 g4 {White
resigns} 0-1

[Event "Team 45 45 League T98"]
[Site "Internet Chess Club"]
[Date "2023.11.24"]
[Round "2"]
[White "ElValero"]
[Black "Lawkeito"]
[Result "0-1"]
[WhiteElo "1664"]
[BlackElo "1796"]
[Opening "Queen's pawn game, Darooha variation "]
[ECO "D11"]
[Time "14:03:56"]
[PlyCount "60"]
[TimeControl "2700+45"]

1. Nf3 d5 2. d4 Nf6 3. c4 c6 4. Qc2 e6 5. Bg5 Nbd7 6. cxd5 Qa5+ 7. Bd2 Qxd5 8.
Nc3 Qf5 9. Qxf5 exf5 10. e3 Bd6 11. Bc4 O-O 12. O-O h6 13. d5 Nb6 14. Bb3 cxd5
15. Rfd1 Be6 16. Rac1 Ne4 17. Nb5 Bb8 18. Nc7 Bxc7 19. Rxc7 Nxd2 20. Nxd2 Rab8
21. a4 Rfc8 22. Rdc1 Nc4 23. Rxc8+ Rxc8 24. Bxc4 dxc4 25. Nb1 a6 26. Nc3 Rc5 27.
f3 b5 28. axb5 axb5 29. Rd1 b4 30. Nb1 Ra5 {White resigns} 0-1

[Event "Team 45 45 League T98"]
[Site "Internet Chess Club"]
[Date "2023.11.26"]
[Round "2"]
[White "VictorRed"]
[Black "QuieroAprender"]
[Result "0-1"]
[WhiteElo "1683"]
[BlackElo "1635"]
[Opening "Old Benoni defense"]
[ECO "A46"]
[Time "18:05:48"]
[PlyCount "126"]
[TimeControl "2700+45"]

1. Nf3 Nf6 2. d4 c5 3. d5 d6 4. c4 Bf5 5. Nc3 a6 6. Qa4+ Nbd7 7. Nh4 Be4 8. Nxe4
Nxe4 9. g3 g6 10. Bg2 Nf6 11. O-O Bg7 12. Qc2 b5 13. Rb1 Qa5 14. b3 b4 15. Nf3
Qc7 16. e4 Ng4 17. h3 Nge5 18. Nxe5 Bxe5 19. f4 Bd4+ 20. Kh2 f6 21. Bd2 a5 22.
Rbe1 Ra6 23. h4 Qa7 24. Be3 Bxe3 25. Rxe3 a4 26. Rf2 axb3 27. axb3 Ra1 28. Rfe2
O-O 29. Bh3 Ra8 30. e5 fxe5 31. Bxd7 Qxd7 32. fxe5 Qg4 33. exd6 exd6 34. Qb2 Qd4
35. Qxd4 cxd4 36. Rd3 Rb1 37. Re6 Ra3 38. Rxd6 Rb2+ 39. Kh3 Rbxb3 40. Rxb3 Rxb3
41. Re6 d3 42. Re1 d2 43. Rd1 Rd3 44. c5 Rxd5 45. c6 b3 46. c7 Rc5 47. Rxd2 Rxc7
48. Rd8+ Kg7 49. Rb8 Rc3 50. Kg4 h5+ 51. Kf4 Rd3 52. Rb7+ Kf6 53. Rb6+ Kf7 54.
Rb7+ Ke6 55. Rb6+ Kd5 56. Rxg6 Kc5 57. Rg8 b2 58. Rc8+ Kd4 59. Rb8 Kc3 60. g4
Rd4+ 61. Kg5 Rxg4+ 62. Kxh5 Rb4 63. Rc8+ Kb3 {White resigns} 0-1

[Event "Team 45 45 League T98"]
[Site "Internet Chess Club"]
[Date "2023.11.26"]
[Round "2"]
[White "olivermx"]
[Black "THE-WARRIOR"]
[Result "1-0"]
[WhiteElo "1413"]
[BlackElo "1512"]
[Opening "Queen's pawn, Mason variation"]
[ECO "D00"]
[Time "13:00:32"]
[PlyCount "147"]
[TimeControl "2700+45"]

1. d4 d5 2. Bf4 Bf5 3. e3 e6 4. c4 c6 5. Qb3 Qc8 6. Nf3 Nd7 7. Nbd2 Ngf6 8. h3
Be7 9. Be2 O-O 10. O-O Re8 11. Rac1 a6 12. Rfe1 Bd8 13. cxd5 exd5 14. Nh4 Bg6
15. Nxg6 hxg6 16. Bd3 Ba5 17. Qd1 Ne4 18. Bxe4 Bxd2 19. Qxd2 Rxe4 20. f3 Re6 21.
e4 dxe4 22. fxe4 Qe8 23. Qd3 Nf6 24. e5 Nd5 25. Bh2 Qe7 26. Rcd1 Qb4 27. Qc2 Rd8
28. a3 Qb6 29. b4 Ne7 30. Qc4 Nf5 31. Kh1 Ne7 32. Bg1 Qc7 33. Qc3 Nd5 34. Qc2
Qe7 35. Qc1 Qh4 36. Rf1 g5 37. Bf2 Qh5 38. Bg3 g4 39. Kh2 gxh3 40. gxh3 Rh6 41.
h4 Rg6 42. Qd2 Qg4 43. Qf2 Rf8 44. Qf3 Qe6 45. Qf2 Rg4 46. Qf3 Qg6 47. Rg1 Kh7
48. Bf2 Rxg1 49. Rxg1 Qh6 50. Qg3 Rg8 51. Qg5 Qe6 52. Qh5+ Qh6 53. Qxh6+ gxh6
54. Rxg8 Kxg8 55. Kg3 h5 56. Kf3 Kg7 57. Be3 Kg6 58. Ke4 Nxe3 59. Kxe3 Kf5 60.
Kf3 b5 61. Ke3 Kg4 62. Ke4 Kxh4 63. Kf5 Kg3 64. Kf6 h4 65. Kxf7 h3 66. e6 h2 67.
e7 h1=Q 68. e8=Q Qd5+ 69. Qe6 Qxe6+ 70. Kxe6 Kf4 71. Kd6 Ke4 72. Kxc6 Kxd4 73.
Kb6 Kc4 74. Kxa6 {Black resigns} 1-0

[Event "Team 45 45 League T98"]
[Site "Internet Chess Club"]
[Date "2023.11.27"]
[Round "2"]
[White "room-matt"]
[Black "BuddyT"]
[Result "1/2-1/2"]
[WhiteElo "1799"]
[BlackElo "1730"]
[Opening "Richter-Veresov attack"]
[ECO "D01"]
[Time "14:00:50"]
[PlyCount "85"]
[TimeControl "2700+45"]

1. d4 Nf6 2. Nc3 d5 3. Bg5 Nbd7 4. f3 c5 5. e4 cxd4 6. Qxd4 e5 7. Qa4 d4 8. Nd5
Be7 9. Nxe7 Qxe7 10. O-O-O O-O 11. f4 exf4 12. Qxd4 Qxe4 13. Nf3 h6 14. Bxf4 Re8
15. Bc4 Qxd4 16. Rxd4 a6 17. Rhd1 b5 18. Bf1 Nc5 19. Be5 Ng4 20. Bd6 Ne4 21. Bb4
Bf5 22. Re1 Nef6 23. Be7 Rac8 24. c3 Rc7 25. Bxf6 Rxe1+ 26. Nxe1 Nxf6 27. Rd8+
Kh7 28. Nf3 Re7 29. Rd6 Re6 30. Rxe6 Bxe6 31. a4 bxa4 32. Bxa6 Nd7 33. Kd2 Kg6
34. Ke3 Nc5 35. Bb5 Kf6 36. c4 Ke7 37. Kd4 Kd6 38. Kc3 g5 39. Kb4 Nd3+ 40. Kc3
Nc5 41. Kb4 Nd3+ 42. Kc3 Nc5 43. Kb4 {Game drawn by repetition} 1/2-1/2

[Event "Team 45 45 League T98"]
[Site "Internet Chess Club"]
[Date "2023.11.25"]
[Round "2"]
[White "fishhead"]
[Black "bobhill"]
[Result "1-0"]
[WhiteElo "1742"]
[BlackElo "1940"]
[Opening "Sicilian: dragon variation"]
[ECO "B70"]
[Time "15:00:35"]
[PlyCount "45"]
[TimeControl "2700+45"]

1. e4 c5 2. Nf3 d6 3. d4 cxd4 4. Nxd4 Nf6 5. Nc3 g6 6. Bc4 Bg7 7. Be3 O-O 8. Qd2
Ng4 9. Bg5 h6 10. Bh4 g5 11. Bg3 Qb6 12. O-O-O Nc6 13. Nxc6 bxc6 14. h4 Bf6 15.
Na4 Qc7 16. hxg5 hxg5 17. Rh5 Rd8 18. Rxg5+ Bxg5 19. Qxg5+ Kf8 20. Rh1 Ke8 21.
Rh8+ Kd7 22. Qf5+ e6 23. Qxf7# {Black checkmated} 1-0

[Event "Team 45 45 League T98"]
[Site "Internet Chess Club"]
[Date "2023.11.26"]
[Round "2"]
[White "Beetlejuice"]
[Black "Sandrotov"]
[Result "1/2-1/2"]
[WhiteElo "1682"]
[BlackElo "1638"]
[Opening "English: Mikenas-Carls, Flohr variation"]
[ECO "A18"]
[Time "11:00:59"]
[PlyCount "60"]
[TimeControl "2700+45"]

1. c4 Nf6 2. Nc3 e6 3. e4 d5 4. e5 Nfd7 5. cxd5 Nxe5 6. d4 Ng6 7. Bb5+ c6 8.
dxc6 bxc6 9. Ba4 Ba6 10. Nge2 Bb4 11. O-O O-O 12. Be3 Qa5 13. Bb3 Rd8 14. Rc1 c5
15. a3 Bxc3 16. bxc3 Nc6 17. Re1 Bxe2 18. Rxe2 Nge7 19. a4 Rd7 20. Rd2 Rad8 21.
dxc5 Rxd2 22. Bxd2 Qxc5 23. Qe2 Nd5 24. h3 Rb8 25. Qc4 Qb6 26. Rb1 Na5 27. Qb5
Qxb5 28. axb5 Rxb5 29. Ba2 Rxb1+ 30. Bxb1 Nc4 {Game drawn by mutual agreement}
1/2-1/2